 Dungeon Crawl Stone Soup version 0.29-a0-1027-gcd8c55af63 (webtiles) character file.

Game seed: 10727515222212765141

1026 ragingrage the Grappler (level 8, -3/74 HPs)
             Began as a Troll Fighter on Aug 13, 2022.
             Slain by an orc warrior
             ... wielding a +0 war axe
              (9 damage)
             ... on level 6 of the Dungeon.
             The game lasted 00:03:36 (4316 turns).

ragingrage the Grappler (Troll Fighter)             Turns: 4316, Time: 00:03:37

Health: -3/74      AC:  4    Str: 30    XL:     8   Next: 2%
Magic:  16/16      EV:  9    Int:  4    God:
Gold:   207        SH:  8    Dex: 15    Spells: 7/7 levels left

rFire   . . .      SeeInvis .     - Unarmed
rCold   . . .      Faith    .   b - +0 kite shield
rNeg    . . .      Spirit   .   a - +0 robe
rPois   .          Reflect  .   (helmet restricted)
rElec   .          Harm     .   t - scarf {repulsion}
rCorr   .          Rampage  .   (gloves unavailable)
Will    .....                   (boots unavailable)
Stlth   ++........              (no amulet)
HPRegen 1.02/turn               q - ring "Qonyofel" {Will- Str+3 Dex+6 Stlth+}
MPRegen 0.15/turn               o - ring of magical power

@: mighty, repel missiles
A: large, unfitting armour, claws 3, regeneration 1, shaggy fur 1, tough skin 1
a: no special abilities


You were on level 6 of the Dungeon.
You visited 1 branch of the dungeon, and saw 6 of its levels.

You collected 240 gold pieces.
You spent 33 gold pieces at shops.

Inventory:

Missiles
 g - 8 javelins (quivered)
Armour
 a - a +0 robe (worn)
 b - a +0 kite shield (worn)
 t - a scarf of repulsion (worn)
Jewellery
 o - a ring of magical power (right claw)
 q - the ring "Qonyofel" (left claw) {Will- Str+3 Dex+6 Stlth+}
   (You found it on level 4 of the Dungeon)

   [ring of dexterity]

   Str:       It affects your strength (+3).
   Dex:       It affects your dexterity (+6).
   Will:      It decreases your willpower.
   Stlth:     It makes you more stealthy.
Scrolls
 d - 3 scrolls of acquirement {unknown}
 h - 3 scrolls of vulnerability {unknown}
 i - 3 scrolls of teleportation
 j - a scroll of fog {unknown}
 l - 3 scrolls of identify {unknown}
 s - a scroll of summoning {unknown}
 u - a scroll of magic mapping {unknown}
 v - a scroll of enchant weapon {unknown}
Potions
 c - a potion of might
 k - a potion of berserk rage {unknown}
 m - a potion of mutation {unknown}
 r - a potion of magic {unknown}


   Skills:
 - Level 2.4 Fighting
 - Level 2.4 Dodging
 - Level 2.6 Shields
 + Level 9.6 Unarmed Combat


You had 7 spell levels left.
You didn't know any spells.
Your spell library contained the following spells:

 Spells                   Type           Power      Damage    Failure   Level
 Frozen Ramparts          Ice            0%         1d1       99%         3
 Ice Form                 Ice/Tmut       0%         N/A       100%        4
 Summon Ice Beast         Ice/Summ       0%         N/A       100%        4
 Blade Hands              Tmut           0%         N/A       100%        5
 Irradiate                Conj/Tmut      0%         3d11      100%        5
 Dragon Form              Tmut           0%         N/A       100%        7


Dungeon Overview and Level Annotations

Branches:
Dungeon (6/15)             Temple (0/1) D:5

Altars:
The Shining One

Shops:
D:3 ?

Annotations:
D:4 2 runed translucent doors, bchevrier's ghost, novice GnWn


Innate Abilities, Weirdness & Mutations

You are too large for most types of armour.
You have claws for hands.
Your natural rate of healing is unusually fast.
You are covered in fur. (AC +1)
You have tough skin. (AC +1)


Message History

The adder misses you. The kobold hits you with a +0 whip.
* * * LOW HITPOINT WARNING * * *
You have reached level 8!
You barely miss the orc. The adder closely misses you.
The kobold hits you but does no damage. The orc completely misses you.
You closely miss the adder. The adder closely misses you.
You block the kobold's attack. The orc hits you with a +0 hand axe.
* * * LOW HITPOINT WARNING * * *
The adder bites you but does no damage.
You mangle the adder!!
You kill the adder!
The kobold closely misses you. The orc hits you with a +0 hand axe.
* * * LOW HITPOINT WARNING * * *
You mangle the orc!!
You kill the orc!
You block the kobold's attack.
The orc warrior hits you with a +0 war axe!
* * * LOW HITPOINT WARNING * * *
You scratch the orc warrior.
The orc warrior is lightly wounded.
The kobold closely misses you.
The orc warrior hits you with a +0 war axe.
* * * LOW HITPOINT WARNING * * *
A kobold brigand comes into view.
It is wielding a +0 dagger and quivering poisoned darts.
You block the kobold's attack.
You closely miss the orc warrior.
The orc warrior is lightly wounded.
The kobold hits you with a +0 whip.
* * * LOW HITPOINT WARNING * * *
You block the orc warrior's attack. The kobold hits you with a +0 club.
* * * LOW HITPOINT WARNING * * *
You closely miss the orc warrior.
The orc warrior is lightly wounded.
The kobold misses you. You block the orc warrior's attack.
The kobold closely misses you.
You scratch the orc warrior but do no damage.
The orc warrior is lightly wounded.
You block the kobold's attack.
The orc warrior hits you with a +0 war axe!
You die...

....... ...##
....... ....#
....... ...##
....o.K ..K..#
.....oK##....#
............#
......O...###
...#.###K...# .. .
####@o..## . #.
#....K.## # .
...##......#### #
.# #..#...##.....#
# #.#
#.....#...##...#
###.. #.........#
..... #...
##.........##..###
..#
#..............#
.#
.........≈≈≈≈≈≈≈.


You could see an orc warrior, a kobold brigand and 2 kobolds.

Vanquished Creatures
  A steam dragon (D:6)
  3 water moccasins
  2 centaurs
  A bullfrog (D:6)
  A scorpion (D:3)
  An electric eel (D:6)
  2 jellies
  A hound (D:6)
  An iron imp (D:5)
  Robin (D:4)
  5 adders
  A shadow imp (D:6)
  An ufetubus (D:5)
  4 dart slugs
  9 orcs
  3 ball pythons
  3 bats
  4 endoplasms
  2 giant cockroaches (D:2)
  13 goblins
  7 hobgoblins
  4 jackals
  3 quokkas
  4 frilled lizards
  A goblin zombie (D:5)
  3 kobolds
  A kobold skeleton (D:5)
  2 kobold zombies (D:5)
  2 orc skeletons (D:5)
  2 orc zombies (D:5)
  A rat (D:3)
89 creatures vanquished.

Notes
Turn   | Place    | Note
-------+----------+-------------------------------------------
     0 | D:1      | ragingrage the Troll Fighter began the quest for the Orb.
     0 | D:1      | Reached XP level 1. HP: 22/22 MP: 0/0
   223 | D:1      | Reached XP level 2. HP: 29/29 MP: 1/1
   577 | D:1      | Reached skill level 3 in Unarmed Combat
  1260 | D:2      | Reached XP level 3. HP: 32/36 MP: 2/2
  1391 | D:2      | Reached skill level 4 in Unarmed Combat
  1724 | D:3      | Found Ryreatos's Magic Scroll Shoppe.
  1762 | D:3      | Bought a scroll of teleportation for 33 gold pieces
  1854 | D:3      | Noticed a scorpion
  1862 | D:3      | Killed a scorpion
  1863 | D:3      | Reached skill level 5 in Unarmed Combat
  1863 | D:3      | Reached XP level 4. HP: 36/44 MP: 3/3
  2022 | D:3      | Reached XP level 5. HP: 50/50 MP: 4/4
  2475 | D:4      | Identified the ring "Qonyofel" {Will- Str+3 Dex+6 Stlth+}
  2618 | D:4      | Noticed Robin
  2699 | D:4      | Killed Robin
  2984 | D:4      | Found a large runed translucent door.
  2985 | D:4      | Found a large runed translucent door.
  2989 | D:4      | Noticed bchevrier's ghost (novice GnWn)
  3376 | D:5      | Entered Level 5 of the Dungeon
  3510 | D:5      | Noticed a water moccasin
  3518 | D:5      | Killed a water moccasin
  3519 | D:5      | Reached skill level 6 in Unarmed Combat
  3519 | D:5      | Reached XP level 6. HP: 22/59 MP: 5/5
  3620 | D:5      | Noticed a water moccasin
  3633 | D:5      | Killed a water moccasin
  3634 | D:5      | Reached skill level 7 in Unarmed Combat
  3667 | D:5      | Found a staircase to the Ecumenical Temple.
  3748 | D:5      | Found a glowing golden altar of the Shining One.
  3902 | D:5      | Reached XP level 7. HP: 59/66 MP: 6/6
  4142 | D:6      | Reached skill level 8 in Unarmed Combat
  4283 | D:6      | Noticed a steam dragon
  4295 | D:6      | HP: 1/66 [steam dragon/ball of steam (17)]
  4298 | D:6      | Killed a steam dragon
  4299 | D:6      | Reached skill level 9 in Unarmed Combat
  4309 | D:6      | Reached XP level 8. HP: 20/74 MP: 7/7
  4316 | D:6      | Slain by an orc warrior

Illustrated notes

Levels and vault maps discovered:
D:1:      saegor_arrival_fortress, layout_basic
D:2:      layout_loops_ring
D:3:      layout_rooms, serial_shops, shop, serial_aquarium,
          aquarium_bridge_square [aquarium_subvault_wall,
          aquarium_subvault_bridge, aquarium_subvault_window,
          aquarium_subvault_wall], aquarium_bridge_square
          [aquarium_subvault_bridge, aquarium_subvault_balcony,
          aquarium_subvault_wall, aquarium_subvault_bridge], aquarium_window_1,
          aquarium_window_corridor_2, aquarium_window_fake, aquarium_view_2d,
          aquarium_view_2c, grunt_ministairs_2
D:4:      layout_basic, ebering_ghost_disaster_area, kennysheep_generic_room_10,
          uniq_robin
D:5:      layout_loops_ring, nicolae_tso_besieged_by_evil,
          minmay_temple_entry_enclosed_plants
D:6:      layout_cave_pools, nicolae_overflow_squiral, enter_ossuary_3,
          uniq_crazy_yiuf_cottage, uniq_blork_the_orc

Skill      XL: |  1  2  3  4  5  6  7 |
---------------+----------------------+-----
Unarmed Combat | 3 5 6 7 9 |  9.6
Fighting       | |  2.4
Dodging        | |  2.4
Shields        | |  2.6

Action                   |  1- 3 |  4- 6 |  7- 9 || total
-------------------------+-------+-------+-------++-------
Melee: Unarmed           |   111 |   104 |    41 ||   256
Throw: Javelin           |       |     1 |       ||     1
  Use: Potion            |       |       |     7 ||     7
 Stab: Sleeping          |     1 |     4 |     4 ||     9
Armor: Robe              |    46 |    29 |    10 ||    85
Dodge: Dodged            |    34 |    39 |    27 ||   100
Block: Kite shield       |    34 |    37 |    32 ||   103

Table legend: (Time is in decaauts)
 A = Elapsed time spent in this place.
 B = Non-inter-level travel time spent in this place.
 C = Inter-level travel time spent in this place.
 D = Time resting spent in this place.
 E = Time spent auto-exploring this place.
 F = Levels seen in this place.
 G = Mean time per level.
                   A        B        C        D        E       F      G
               +--------+--------+--------+--------+--------+-----+--------+
         Total |   4325 |   4160 |    165 |    200 |   3319 |   6 |  720.8 |
       Dungeon |   4325 |   4160 |    165 |    200 |   3319 |   6 |  720.8 |
               +--------+--------+--------+--------+--------+-----+--------+

Top non-repeatable levels by time:
     D:1: 1068 daAuts
     D:4: 906 daAuts
     D:5: 761 daAuts
     D:3: 746 daAuts
     D:2: 664 daAuts
     D:6: 178 daAuts
